 Dungeon Crawl Stone Soup version 0.26.1-11-gd32895ea62 (webtiles) character file.

Game seed: 15302025516766066569

5031 infcreate the Covert (level 10, 57/57 HPs)
             Began as a Vampire Enchanter on Apr 28, 2021.
             Was a High Priest of Dithmenos.
             Quit the game on level 9 of the Dungeon.
             The game lasted 00:51:11 (12407 turns).

infcreate the Covert (Vampire Enchanter)           Turns: 12407, Time: 00:51:11

Health: 57/57      AC:  5    Str:  3    XL:     10   Next: 30%
Magic:  17/17      EV: 33    Int: 23    God:    Dithmenos [*****.]
Gold:   358        SH:  0    Dex: 19    Spells: 2/18 levels left

rFire    + . .     SeeInvis +   a - +5 dagger
rCold    + + +     Faith    .   (no shield)
rNeg     + + +     Spirit   .   y - +1 robe {rN+}
rPois    ∞         Reflect  .   (no helmet)
rElec    +         Harm     .   (no cloak)
rCorr    .         Rampage  .   m - +0 pair of gloves
Will     +....                  E - +0 pair of boots of Greed {rElec Str-4 Int+4 Dex+2} (curse) Stlth *+++++++++
                                A - amulet of the acrobat
HPRegen  0.19/turn              C - ring of protection from cold
MPRegen  0.15/turn              F - ring of protection from fire

@: acrobat, bloodless, wreathed by umbra
A: fangs 3, see invisible, unbreathing
a: Bat Form, Revivify, Renounce Religion, Shadow Step, Shadow Form


You were on level 9 of the Dungeon.
You worshipped Dithmenos.
Dithmenos was extremely pleased with you.
You visited 1 branch of the dungeon, and saw 9 of its levels.
You also visited: Sewer and Bailey.

You collected 358 gold pieces.


Innate Abilities, Weirdness & Mutations

You do not regenerate when monsters are visible.
You are frail without blood (-20% HP).
You can heal yourself when you bite living creatures.
You are immune to poison.
You have razor-sharp teeth.
You have supernaturally acute eyesight. (SInv)
You can survive without breathing.


   Skills:
 + Level 4.2 Fighting
 * Level 7.5 Short Blades
 * Level 7.8 Dodging
 * Level 11.2 Stealth
 + Level 4.8 Spellcasting
 * Level 10.7 Hexes


You had 2 spell levels left.
You knew the following spells:

 Your Spells              Type           Power        Failure   Level
c - Corona                Hex            58%          1%          1
d - Tukima's Dance        Hex            53%          1%          3
e - Ensorcelled Hibernat  Hex/Ice        60%          1%          2
f - Dazzling Flash        Conj/Hex       60%          3%          3
p - Fulminant Prism       Conj/Hex       15%          11%         4
t - Confusing Touch       Hex            53%          1%          3

Your spell library contained the following spells:

 Spells                   Type           Power        Failure   Level
 Magic Dart               Conj           20%          10%         1
 Sandblast                Erth           10%          10%         1
 Passwall                 Tmut/Erth      4%           14%         2
 Searing Ray              Conj           10%          14%         2
 Stone Arrow              Conj/Erth      10%          28%         3
 Iskenderun's Mystic Bla  Conj/Tloc      5%           67%         4
 Petrify                  Tmut/Erth      5%           67%         4
 Lee's Rapid Deconstruct  Erth           2%           95%         5

Inventory:

Hand Weapons
 a - a +5 dagger (weapon)
 l - the +3 short sword of Irritation {antimagic, Will+ Str+4 Stlth+}
   (You found it on level 6 of the Dungeon)

   It reduces the magical energy of the wielder, and disrupts the spells and
   magical abilities of those hit.
   Natural abilities and divine invocations are not affected.
   It affects your strength (+4).
   It affects your willpower, your defense against some magical effects.
   It makes you more stealthy.
Missiles
 K - a throwing net {=f}
Armour
 m - a +0 pair of gloves (worn)
 n - a +2 pair of boots
 y - a +1 robe of positive energy (worn)
 E - the cursed +0 pair of boots of Greed (worn) {rElec Str-4 Int+4 Dex+2}
   (You found it on level 6 of the Dungeon)

   It affects your strength (-4).
   It affects your intelligence (+4).
   It affects your dexterity (+2).
   It insulates you from electricity.
   It has a curse placed upon it.
Jewellery
 A - an amulet of the acrobat (around neck)
 C - a ring of protection from cold (left hand)
 F - a ring of protection from fire (right hand)
 H - a +6 ring of intelligence {unknown}
Wands
 b - a wand of enslavement (11)
 c - a wand of paralysis (9)
 s - a wand of polymorph (19)
 x - a wand of digging (7)
 I - a wand of disintegration (10)
Scrolls
 f - a scroll of immolation
 h - a scroll of enchant armour {unknown}
 k - a scroll of teleportation {@r4}
 o - a scroll of blinking {unknown}
 p - 6 scrolls of remove curse {@r2}
 t - a scroll of noise {unknown}
 u - a scroll of fog
 v - a scroll of fear {unknown}
 D - a scroll of amnesia
 L - a scroll of enchant weapon {unknown}
Potions
 d - a potion of invisibility {unknown}
 e - 2 potions of brilliance {unknown}
 g - a potion of mutation {unknown}
 i - a potion of cancellation {unknown}
 j - a potion of might {unknown}
 q - 2 potions of lignification {unknown}
 r - 4 potions of flight {unknown}
 w - 5 potions of curing {@q1}
 z - a potion of degeneration {unknown}
 B - a potion of ambrosia {unknown}
 G - 4 potions of heal wounds {@q2}
 J - a potion of haste {@q3}
 M - a potion of resistance {unknown}

Dungeon Overview and Level Annotations

Branches:
Dungeon (9/15)             Temple (0/1) D:4             Orc (0/2) D:9
  Sewer (visited)          Bailey (visited)
   Lair: D:8-11

Altars:
Cheibriados
Dithmenos
Elyvilon
Fedhas
Hepliaklqana
Kikubaaqudgha
Okawaru
Qazlal
Ru
Trog
Uskayaw
Wu Jian
Xom

Annotations:
D:7 2 transporters, ZZKoverts's ghost, novice OpCj

,,,,,,,,,,,,****,**
,,,,,,*,.$...*,,,,*
,,,>,****.....,,***
,,,,** **....***
*,,,* *#..#* ,,,,**
#..# ### ,,,..#*
*#.## #.#
,,,...###*##..####.#
*,,#.....##.....@)##
*,,*#....8....#####
*,,*#.........#
*,,*#.8.....8.#
*,,*#.........#
*,,,#.........#
*,,.#8...∩...8##
*,.........g...#
,,.............#


There were no monsters in sight!


Message History

Unknown command.
You start resting.
A gnoll sergeant comes into view. It is wielding a +1 spear of venom.
Found 9 gold pieces. 3 gnolls come into view.
Casting: Confusing Touch (safe; 1% risk of failure)
Confirm with . or Enter, or press ? or * to list all spells.
Aiming: Corona (safe; 1% risk of failure)
Press: ? - help, Shift-Dir - straight line, f - gnoll
Aim: a gnoll, wielding a +0 spear and quivering a throwing net (wandering, hasn't noticed you, chance to affect: 87%)
The gnoll shouts!
The gnoll barely resists.
You start waiting.
A gnoll is nearby!
Casting: Corona (safe; 1% risk of failure)
Confirm with . or Enter, or press ? or * to list all spells.
Aiming: Ensorcelled Hibernation (safe; 1% risk of failure)
Press: ? - help, Shift-Dir - straight line, f/p - gnoll
Aim: a gnoll, wielding a +0 spear and quivering a throwing net (umbra, chance to affect: 67%)
The gnoll looks drowsy...
The helpless gnoll fails to defend itself.
You bite the gnoll, and draw its blood! You skewer the gnoll like a kebab!!!!
You kill the gnoll!
Dithmenos accepts your kill.
You start resting.
Magic restored.
K - a throwing net {=f}
Things that are here:
a +0 spear; a gnoll corpse Are you sure you want to abandon this character and quit the game? (Confirm with "yes".)

Skill      XL: |  1  2  3  4  5  6  7  8  9 10 |
---------------+-------------------------------+-----
Stealth        | 5 6 7 9 10 11 | 11.2
Hexes          | 5 6 7 8 10 | 10.7
Short Blades   | 2 3 4 5 7 |  7.5
Dodging        | 3 4 5 6 7 |  7.8
Fighting       | 1 2 3 4 |  4.2
Spellcasting   | 3 4 |  4.8

Action                   |  1- 3 |  4- 6 |  7- 9 | 10-12 || total
-------------------------+-------+-------+-------+-------++-------
Melee: Dagger            |    56 |   187 |   370 |    57 ||   670
       Bite              |     7 |    12 |    17 |     5 ||    41
 Cast: Corona            |    25 |    12 |    26 |     3 ||    66
       Ensorcelled Hiber |    14 |    70 |    84 |    18 ||   186
       Confusing Touch   |       |    10 |    17 |     5 ||    32
       Tukima's Dance    |       |     1 |     2 |       ||     3
       Dazzling Flash    |       |       |       |     1 ||     1
 Abil: Exsanguinate      |     1 |       |       |       ||     1
  Use: Scroll            |     3 |     1 |     9 |     3 ||    16
       Potion            |       |       |       |     2 ||     2
 Stab: Sleeping          |    16 |    59 |   125 |    10 ||   210
       Confused          |       |     5 |    17 |     3 ||    25
Armor: Robe              |     7 |    24 |    53 |     7 ||    91
Dodge: Dodged            |    29 |   122 |   317 |   203 ||   671

Levels and vault maps discovered:
D:1:      minmay_arrival_widening_spiral_narrow, layout_basic
D:2:      layout_loops_ring, nicolae_ru_the_path_less_chosen, marbit_many_paths,
          dancing_weapons_uskayaw, uniq_natasha, uniq_terence
D:3:      layout_basic, okawaru_metal_pillars_1_2, lemuel_doored_altar,
          nicolae_overflow_hidden_temple, minmay_misc_feat_chi, minmay_quantized
D:4:      layout_rooms, kennysheep_little_box, nzn_hepliaklqana_mist_gate,
          minmay_temple_entry_nine_rooms, goddamned_bats, uniq_blork_the_orc
D:5:      layout_loops_ring, lightli_temple_of_fire, gammafunk_ghost_necromancy
D:6:      cheibrodos_iron_armory, layout_rooms, kennysheep_vampire_church,
          fedhas_altar_3, portal_sewer_entry_e, minmay_hollow_rounded_squares,
          uniq_sigmund
D:7:      layout_rooms, old_standard_altar, gammafunk_ghost_mausoleum
D:8:      layout_cave_pods, elyvilon_altar_5, kennysheep_cluttered_room
D:9:      minmay_the_grid_net [minmay_the_grid_rooms,
          minmay_the_grid_outer_diamond, minmay_the_grid_minigrid_large,
          minmay_the_grid_x, minmay_the_grid_spikes,
          minmay_the_grid_prize_diamond_cup], layout_layer_cave, serial_shops,
          shop, enter_bailey_6, minmay_guarded_unrand_variability, uniq_maurice

Notes
Turn   | Place    | Note
-------+----------+-------------------------------------------
     0 | D:1      | infcreate the Vampire Enchanter began the quest for the
                  | Orb.
     0 | D:1      | Reached XP level 1. HP: 13/13 MP: 3/3
   521 | D:1      | Reached XP level 2. HP: 6/15 MP: 1/5
   524 | D:1      | Learned a level 2 spell: Ensorcelled Hibernation
  1440 | D:1      | Reached XP level 3. HP: 20/20 MP: 6/6
  1629 | D:2      | Reached skill level 5 in Stealth
  1680 | D:2      | Reached skill level 5 in Hexes
  1743 | D:2      | Noticed Terence
  1745 | D:2      | Noticed a +0 dagger
  1746 | D:2      | Found a hide-covered altar of Uskayaw.
  1746 | D:2      | Noticed a +0 dagger
  1747 | D:2      | Killed Terence
  1748 | D:2      | Reached skill level 2 in Short Blades
  1748 | D:2      | Reached XP level 4. HP: 24/24 MP: 7/7
  1874 | D:2      | Noticed Natasha
  1911 | D:2      | Found a sacrificial altar of Ru.
  2094 | D:2      | Reached skill level 3 in Dodging
  2123 | D:2      | Learned a level 3 spell: Confusing Touch
  2416 | D:2      | Found a stormy altar of Qazlal.
  2603 | D:2      | Killed Natasha
  2604 | D:2      | Reached skill level 1 in Fighting
  2604 | D:2      | Reached XP level 5. HP: 29/29 MP: 8/8
  3159 | D:3      | Found a shimmering altar of Xom.
  3723 | D:3      | Found an iron altar of Okawaru.
  3735 | D:3      | Reached skill level 6 in Stealth
  3912 | D:3      | Found a shadowy altar of Dithmenos.
  3919 | D:3      | Became a worshipper of Dithmenos the Shadowed
  3976 | D:3      | Reached skill level 3 in Short Blades
  4091 | D:3      | Reached XP level 6. HP: 34/34 MP: 5/9
  4257 | D:3      | Reached skill level 6 in Hexes
  5093 | D:4      | Learned a level 3 spell: Tukima's Dance
  5402 | D:4      | Found a staircase to the Ecumenical Temple.
  5474 | D:4      | Found a hazy altar of Hepliaklqana.
  5548 | D:4      | Noticed Blork the orc
  5548 | D:4      | Found an ornate altar of the Wu Jian Council.
  5574 | D:4      | Killed Blork the orc
  5575 | D:4      | Reached skill level 4 in Dodging
  5747 | D:4      | Reached XP level 7. HP: 28/39 MP: 5/11
  6053 | D:4      | Reached * piety under Dithmenos
  6062 | D:4      | Reached skill level 7 in Stealth
  6227 | D:4      | Reached skill level 4 in Short Blades
  6227 | D:4      | Reached skill level 3 in Spellcasting
  6576 | D:5      | Entered Level 5 of the Dungeon
  6600 | D:5      | Reached skill level 2 in Fighting
  6605 | D:5      | Reached skill level 7 in Hexes
  6937 | D:5      | Reached ** piety under Dithmenos
  7102 | D:5      | Found a bloodstained altar of Trog.
  7149 | D:5      | Reached skill level 5 in Dodging
  7149 | D:5      | Reached XP level 8. HP: 35/44 MP: 2/12
  7525 | D:5      | Reached skill level 8 in Stealth
  7725 | D:5      | Reached skill level 5 in Short Blades
  7831 | D:5      | Found a runed translucent gate.
  7831 | D:5      | Found a runed translucent gate.
  7831 | D:5      | Found a runed translucent gate.
  7832 | D:5      | Noticed raph's ghost (amateur MfGl)
  7968 | D:6      | Found a blossoming altar of Fedhas.
  7976 | D:6      | Reached skill level 8 in Hexes
  8030 | D:6      | Noticed Sigmund
  8126 | D:6      | Found a glowing drain.
  8162 | Sewer    | Entered a sewer
  8301 | Sewer    | Learned a level 3 spell: Dazzling Flash
  8675 | Sewer    | Reached *** piety under Dithmenos
  9210 | D:6      | Reached **** piety under Dithmenos
  9213 | D:6      | Found an ancient bone altar of Kikubaaqudgha.
  9220 | D:6      | Reached skill level 3 in Fighting
  9300 | D:6      | Reached skill level 9 in Stealth
  9343 | D:6      | Reached skill level 6 in Dodging
  9457 | D:6      | Found a large runed translucent door.
  9461 | D:6      | Found a large runed translucent door.
  9469 | D:6      | Found a large runed translucent door.
  9469 | D:6      | Found a large runed translucent door.
  9487 | D:6      | Reached XP level 9. HP: 50/50 MP: 11/14
  9549 | D:6      | Got a warped short sword
  9551 | D:6      | Identified the +3 short sword of Irritation {antimagic,
                  | Will+ Str+4 Stlth+} (You found it on level 6 of the
                  | Dungeon)
  9559 | D:6      | Got a pair of slimy boots
  9601 | D:6      | Identified the cursed +0 pair of boots of Greed {rElec
                  | Str-4 Int+4 Dex+2} (You found it on level 6 of the Dungeon)
  9681 | D:6      | Reached skill level 9 in Hexes
  9895 | D:6      | Reached skill level 6 in Short Blades
  9895 | D:6      | Reached skill level 4 in Spellcasting
 10053 | D:6      | Killed Sigmund
 10274 | D:7      | Found a transporter.
 10277 | D:6      | Identified the cursed +0 scimitar of the Stoat {elec,
                  | Int+5}
 10277 | D:6      | Noticed a rust devil
 10277 | D:6      | Noticed a rust devil
 10291 | D:7      | Killed a rust devil
 10292 | D:7      | Reached skill level 7 in Dodging
 10292 | D:7      | Reached skill level 10 in Stealth
 10395 | D:7      | Noticed ZZKoverts's ghost (novice OpCj)
 10495 | D:5      | Killed raph's ghost
 10589 | D:7      | Found a transporter.
 10597 | D:7      | Found a snail-covered altar of Cheibriados.
 10663 | D:7      | Reached ***** piety under Dithmenos
 10873 | D:8      | Reached skill level 10 in Hexes
 10994 | D:8      | Found a white marble altar of Elyvilon.
 11391 | D:8      | Learned a level 4 spell: Fulminant Prism
 11662 | D:9      | Noticed a two-headed ogre
 11684 | D:9      | Noticed a troll
 11705 | D:9      | Reached skill level 7 in Short Blades
 11707 | D:9      | Killed a troll
 11708 | D:9      | Reached skill level 4 in Fighting
 11708 | D:9      | Reached XP level 10. HP: 56/56 MP: 8/16
 11731 | D:9      | Found a flagged portal.
 11794 | Bailey   | Entered a bailey
 11800 | Bailey   | Noticed an orc knight
 11923 | Bailey   | HP: 3/56 [kobold/boomerang (3)]
 11925 | Bailey   | Reached skill level 11 in Stealth
 12170 | Bailey   | Killed an orc knight
 12407 | D:9      | Quit the game

Vanquished Creatures
  An orc knight (Bailey)
  A rust devil (D:7)
  A troll (D:9)
  Sigmund (D:6)
  A water moccasin (D:7)
  7 orc warriors
  A sky beast (D:9)
  3 ice beasts
  A black bear (D:6)
  An ogre (D:5)
  A centaur (D:8)
  The ghost of raph the Poker, an amateur MfGl (D:5)
  Blork the orc (D:4)
  A big kobold (Sewer)
  A scorpion (D:7)
  A water moccasin skeleton (D:3)
  4 killer bees (D:5)
  4 wights (D:6)
  An electric eel (D:8)
  2 vampire bats
  6 howler monkeys
  A bullfrog zombie (D:9)
  2 jellies
  4 hounds
  3 orc wizards
  6 orc priests
  A bullfrog skeleton (D:5)
  3 iguanas
  Natasha (D:2)
  Terence (D:2)
  7 worker ants
  A killer bee zombie (D:7)
  2 worker ant zombies
  6 gnolls
  11 adders
  10 river rats
  A shadow imp (D:6)
  2 white imps
  4 oozes
  3 adder zombies
  2 worms
  4 dart slugs
  3 fire bats (D:4)
  4 leopard geckos
  25 orcs
  2 spectral bats (D:4)
  6 bat skeletons
  5 bat zombies
  8 giant cockroaches
  14 goblins
  10 hobgoblins
  13 jackals
  28 kobolds
  5 quokkas
  7 ball pythons
  17 bats
  A bat simulacrum (D:4)
  6 frilled lizards
  A leopard gecko zombie (D:5)
  26 rats
297 creatures vanquished.

Vanquished Creatures (collateral kills)
  2 ogres
2 creatures vanquished.

Vanquished Creatures (others)
  A dancing weapon (D:5)
  8 fungi (D:6)
  A plant (D:6)
10 creatures vanquished.

Grand Total: 309 creatures vanquished

Table legend: (Time is in decaauts)
 A = Elapsed time spent in this place.
 B = Non-inter-level travel time spent in this place.
 C = Inter-level travel time spent in this place.
 D = Time resting spent in this place.
 E = Time spent auto-exploring this place.
 F = Levels seen in this place.
 G = Mean time per level.
                   A        B        C        D        E       F      G
               +--------+--------+--------+--------+--------+-----+--------+
         Total |  12300 |  11566 |    734 |   3968 |   2593 |  11 | 1118.2 |
       Dungeon |  10881 |  10147 |    734 |   3421 |   2339 |   9 | 1209.0 |
         Sewer |    927 |    927 |      0 |    255 |    254 |   1 |  927.0 |
        Bailey |    490 |    490 |      0 |    292 |      0 |   1 |  490.0 |
               +--------+--------+--------+--------+--------+-----+--------+

Top non-repeatable levels by time:
     D:3: 2499 daAuts
     D:1: 1612 daAuts
     D:4: 1435 daAuts
     D:5: 1369 daAuts
     D:6: 1180 daAuts
     D:2: 1099 daAuts
   Sewer: 927 daAuts
     D:8: 878 daAuts
     D:7: 568 daAuts
  Bailey: 490 daAuts
     D:9: 238 daAuts

Table legend:
 A = Non-vault XP
 B = Vault XP
 C = Vault XP percentage of total XP
 D = Non-vault monster count
 E = Vault monster count
 F = Vault count percentage of total count
                 A         B        C        D         E       F
            +---------+---------+-------+---------+---------+-------
      Total |    4095 |    3093 |  43.0 |     178 |     121 |  40.5
            +---------+---------+-------+---------+---------+-------
        D:1 |      48 |       0 |   0.0 |      24 |       0 |   0.0
        D:2 |      73 |      86 |  54.1 |      19 |       3 |  13.6
        D:3 |     287 |      18 |   5.9 |      44 |       4 |   8.3
        D:4 |     254 |     277 |  52.2 |      15 |      21 |  58.3
        D:5 |     835 |     152 |  15.4 |      24 |       3 |  11.1
        D:6 |     933 |     481 |  34.0 |      20 |      25 |  55.6
        D:7 |     594 |     470 |  44.2 |      16 |       1 |   5.9
        D:8 |     581 |       0 |   0.0 |      12 |       0 |   0.0
        D:9 |     490 |       0 |   0.0 |       4 |       0 |   0.0
      Sewer |       0 |     270 | 100.0 |       0 |      48 | 100.0
     Bailey |       0 |    1339 | 100.0 |       0 |      16 | 100.0
            +---------+---------+-------+---------+---------+-------
